 Dungeon Crawl Stone Soup version 0.28.0-53-g5a82cb258f (webtiles) character file.

Game seed: 1293195083611428698

298 MiltankisOP the Conjurer (level 6, 0/32 HPs)
             Began as a Deep Elf Conjurer on June 14, 2022.
             Slain by an ice beast (3 damage)
             ... on level 5 of the Dungeon.
             The game lasted 00:10:01 (4193 turns).

MiltankisOP the Conjurer (Deep Elf Conjurer)        Turns: 4193, Time: 00:10:02

Health: 0/32       AC:  5    Str:  4    XL:     6   Next: 13%
Magic:  10/16      EV: 12    Int: 31    God:
Gold:   127        SH:  0    Dex: 13    Spells: 10/16 levels left

rFire   . . .      SeeInvis .   k - +2 trident (vorpal)
rCold   . . .      Faith    .   (no shield)
rNeg    . . .      Spirit   .   a - +0 robe
rPois   .          Reflect  .   (no helmet)
rElec   .          Harm     .   (no cloak)
rCorr   .          Rampage  .   h - +2 pair of gloves
Will    .....                   (no boots)
Stlth   ++........              (no amulet)
HPRegen 0.10/turn               l - +6 ring of intelligence
MPRegen 0.15/turn               (no ring)

@: no status effects
A: no striking features
a: no special abilities


You were on level 5 of the Dungeon.
You visited 1 branch of the dungeon, and saw 5 of its levels.

You collected 127 gold pieces.

Inventory:

Hand Weapons
 j - a +0 quick blade
 k - a +2 vorpal trident (weapon)
Armour
 a - a +0 robe (worn)
 h - a +2 pair of gloves (worn)
Jewellery
 b - a ring of ice
 l - a +6 ring of intelligence (left hand)
 q - an amulet of reflection
Wands
 n - a wand of acid (8)
Scrolls
 d - 3 scrolls of fear {unknown}
 e - a scroll of enchant armour
 i - 2 scrolls of enchant weapon {unknown}
Potions
 c - a potion of degeneration
 m - a potion of curing {unknown}
 o - a potion of might {unknown}


   Skills:
 - Level 2.4 Dodging
 - Level 2.4 Stealth
 + Level 5.7 Spellcasting
 - Level 6.2 Conjurations
 - Level 3.0 Fire Magic


You had 10 spell levels left.
You knew the following spells:

 Your Spells              Type           Power      Damage    Failure   Level
a - Magic Dart            Conj           100%       1d8       1%          1
b - Searing Ray           Conj           94%        2d7       1%          2
c - Conjure Flame         Conj/Fire      37%        6-21      2%          3

Your spell library contained the following spells:

 Spells                   Type           Power      Damage    Failure   Level
 Dazzling Flash           Conj/Hex       56%        N/A       4%          3
 Sticky Flame             Conj/Fire      37%        2d6       8%          4
 Ignite Poison            Fire/Tmut/Pois 15%        N/A       10%         3
 Fulminant Prism          Conj/Hex       14%        3d9       14%         4
 Iskenderun's Mystic Bla  Conj/Tloc      28%        2d7       14%         4


Dungeon Overview and Level Annotations

Branches:
Dungeon (4/15)
 Temple: D:4-7

Altars:

Shops:
D:3 [


Message History

Found a scroll labelled UMPYCO TAFRATT.
Casting: Magic Dart (safe; 1% risk of failure)
Confirm with . or Enter, or press ? or * to list all spells.
You miscast Conjure Flame.
You are very lightly contaminated with residual magic.
Nothing appears to happen.
The ice beast closely misses you.
Casting: Conjure Flame (dangerous; 2% risk of failure)
Confirm with . or Enter, or press ? or * to list all spells.
The fire begins to smoulder!
The ice beast closely misses you.
The ice beast smothers the flame.
Your magical contamination has completely faded away.
Casting: Conjure Flame (dangerous; 2% risk of failure)
Confirm with . or Enter, or press ? or * to list all spells.
The fire begins to smoulder!
The ice beast smothers the flame.
Casting: Conjure Flame (dangerous; 2% risk of failure)
Confirm with . or Enter, or press ? or * to list all spells.
The fire begins to smoulder!
The ice beast hits you. The ice beast freezes you.
Found a robe.
The ice beast smothers the flame.
A jackal comes into view.
Found a stone staircase leading down.
As you read the scroll labelled ERAAG LEUGHIUHUA, it crumbles to dust.
It is a scroll of amnesia.
Really abort (and waste the scroll)?
Okay, then.
The ice beast hits you. The ice beast freezes you!
As you read the scroll labelled QUXKIG UPEVI, it crumbles to dust.
It is a scroll of enchant armour.
Your +1 pair of gloves glows green for a moment.
The ice beast hits you. The ice beast freezes you!
* * * LOW HITPOINT WARNING * * *
As you read the scroll labelled YSTARI FODY, it crumbles to dust.
You speak a Word of immense power!
It was a scroll of holy word.
The ice beast hits you but does no damage.
The jelly hits you but does no damage.
As you read the scroll labelled UMPYCO TAFRATT, it crumbles to dust.
It is a scroll of identify.
c - a potion of degeneration The ice beast hits you.
You die...

####### #..?#.#
######.#.#.#
#......#...#########
###......###.....J...###
........$.......@Y....>#
.........#.###.#####.#.#
.....................#.#
.........#.#...#######J#
.........#.#...# #.J...#
.........# #.#.#
#O##.....# ###......#
#O#..##.##.....#
######.#
#.#..##J##.....# .#
#.#...O[##.......


You could see an ice beast and a jelly.

Vanquished Creatures
  A centaur (D:3)
  An orc priest (D:2)
  Natasha (twice) (D:2)
  Terence (D:2)
  3 adders (D:3)
  2 worms
  2 dart slugs (D:3)
  9 orcs
  6 bats
  3 endoplasms
  13 goblins
  6 hobgoblins
  2 jackals (D:4)
  A quokka (D:2)
  7 ball pythons
  3 frilled lizards
  5 kobolds
  6 rats
73 creatures vanquished.

Notes
Turn   | Place    | Note
-------+----------+-------------------------------------------
     0 | D:1      | MiltankisOP the Deep Elf Conjurer began the quest for the
                  | Orb.
     0 | D:1      | Reached XP level 1. HP: 10/10 MP: 6/6
   177 | D:1      | Reached XP level 2. HP: 15/15 MP: 1/8
   286 | D:1      | Reached skill level 5 in Conjurations
  1301 | D:2      | Noticed Natasha
  1303 | D:2      | Reached XP level 3. HP: 19/19 MP: 7/9
  1307 | D:2      | Killed Natasha
  1344 | D:2      | Reached skill level 6 in Conjurations
  1344 | D:2      | Reached XP level 4. HP: 20/24 MP: 1/11
  1347 | D:2      | Learned a level 2 spell: Searing Ray
  1351 | D:2      | Learned a level 3 spell: Conjure Flame
  1517 | D:2      | Noticed Terence
  1521 | D:2      | Killed Terence
  1522 | D:2      | Reached skill level 1 in Fire Magic
  2055 | D:2      | Noticed Natasha
  2102 | D:2      | Killed Natasha
  2103 | D:2      | Reached XP level 5. HP: 7/28 MP: 8/13
  2370 | D:2      | Found a faded altar of an unknown god.
  2826 | D:3      | Noticed a centaur
  3973 | D:3      | Killed a centaur
  3974 | D:3      | Reached skill level 5 in Spellcasting
  3974 | D:3      | Reached XP level 6. HP: 32/32 MP: 8/16
  4024 | D:3      | Found Fav Goipne's Antique Armour Boutique.
  4145 | D:4      | You fall into a shaft and drop 1 floor!
  4145 | D:5      | Entered Level 5 of the Dungeon
  4145 | D:5      | Noticed an ice beast
  4193 | D:5      | Slain by an ice beast

Illustrated notes

Levels and vault maps discovered:
D:1:      minmay_arrival_diagonal_passages, layout_basic
D:2:      layout_loops_corners, ebering_ecumenical_altar_ruins,
          minmay_goblin_outpost, uniq_natasha, uniq_terence
D:3:      layout_loops_corners, serial_shops, shop, kennysheep_big_empty_room
D:4:      layout_basic, hex_intersection
D:5:      layout_basic, serial_shops, shop_statue, minmay_misc_feat_chi,
          hangedman_minor_gate_pass, uniq_sigmund, uniq_duvessa, uniq_grinder

Skill      XL: |  1  2  3  4  5 |
---------------+----------------+-----
Conjurations   | 5 6 |  6.2
Fire Magic     | 2 3 |  3.0
Spellcasting   | 4 5 |  5.7
Dodging        | |  2.4
Stealth        | |  2.4

Action                   |  1- 3 |  4- 6 || total
-------------------------+-------+-------++-------
 Cast: Magic Dart        |    49 |    78 ||   127
       Searing Ray       |       |     9 ||     9
       Conjure Flame     |       |     4 ||     4
  Use: Scroll            |       |     4 ||     4
Armor: Robe              |       |     8 ||     8
Dodge: Dodged            |     2 |    10 ||    12
